 Dungeon Crawl Stone Soup version 0.23.2-1-ga50397a (webtiles) character file.

Game seed: 13218502042247069166

21473 Lickle the Blocker (level 12, -1/97 HPs)
             Began as a Gnoll Fighter on Apr 29, 2019.
             Was an Initiate of Gozag.
             Splashed by an oklob plant's acid (12 damage)
             ... on level 3 of the Lair of Beasts.
             The game lasted 00:43:11 (13234 turns).

Lickle the Blocker (Gnoll Fighter)                 Turns: 13234, Time: 00:43:11

Health: -1/97      AC:  1    Str: 26    XL:     12   Next: 90%
Magic:  0/23       EV: 17    Int: 12    God:    Gozag
Gold:   1806       SH: 13    Dex: 17    Spells: 26/26 levels left

rFire    . . .     SeeInvis +   x - +3 war axe "Ofulo" {venom, rElec rN+}
rCold    . . .     Gourm    .   c - +0 shield
rNeg     + . .     Faith    .   b - +0 scale mail
rPois    .         Spirit   +   (helmet restricted)
rElec    +         Reflect  .   D - scarf {Spirit}
rCorr    .         Harm     .   u - +1 pair of gloves
MR       .....                  H - +1 pair of boots
Stlth    ++........             (no amulet)
HPRegen  0.26/turn              r - +3 ring of evasion
MPRegen  0.18/turn              A - +6 ring of strength

@: corroded
A: distributed training, fangs 1, horns 1, see invisible, strong nose
a: Potion Petition, Call Merchant, Bribe Branch, Renounce Religion


You were on level 3 of the Lair of Beasts.
You worshipped Gozag.
Gozag was most pleased with you.
You were not hungry.

You visited 3 branches of the dungeon, and saw 13 of its levels.

You collected 1946 gold pieces.
You paid 140 gold pieces to Gozag.

Inventory:

Hand Weapons
 a - a +3 war axe
 x - the +3 war axe "Ofulo" (weapon) {venom, rElec rN+}
   (You found it on level 6 of the Dungeon)

   It poisons the flesh of those it strikes.
   It insulates you from electricity.
   It protects you from negative energy.
 G - the +7 halberd of Qazlal's Generosity {freeze, rElec Str+3}
   (You found it on level 2 of the Lair of Beasts)

   It has been specially enchanted to freeze those struck by it, causing extra
   injury to most foes and up to half again as much damage against particularly
   susceptible opponents.
   It can also slow down cold-blooded creatures.
   It affects your strength (+3).
   It insulates you from electricity.
Armour
 b - a +0 scale mail (worn)
 c - a +0 shield (worn)
 u - a +1 pair of gloves (worn)
 D - a scarf of spirit shield (worn)
 H - a +1 pair of boots (worn)
Jewellery
 o - a +3 ring of strength
 r - a +3 ring of evasion (left hand)
 y - an uncursed ring of protection from fire
 A - a +6 ring of strength (right hand)
 F - an uncursed ring of positive energy
Wands
 m - a wand of enslavement (8)
 q - a wand of flame (6)
 t - a wand of polymorph (23)
 E - a wand of random effects (22)
Scrolls
 i - a scroll of magic mapping
 j - 7 scrolls of teleportation
 k - a scroll of enchant armour
 s - 8 scrolls of remove curse
 z - 2 scrolls of immolation
 B - a scroll of amnesia
 C - 2 scrolls of identify
Potions
 d - 4 potions of might
 e - 2 potions of agility
 g - 2 potions of magic
 h - 3 potions of cancellation
 l - a potion of mutation
 n - a potion of heal wounds
 v - 3 potions of flight
Miscellaneous
 p - a phantom mirror
Comestibles
 f - 10 rations


   Skills:
 + Level 10.0 Fighting
 + Level 7.6 Short Blades
 + Level 7.6 Long Blades
 + Level 9.0 Axes
 + Level 7.6 Maces & Flails
 + Level 7.6 Polearms
 + Level 7.6 Staves
 + Level 7.6 Slings
 + Level 7.6 Bows
 + Level 7.6 Crossbows
 + Level 7.6 Throwing
 + Level 10.0 Armour
 + Level 7.6 Dodging
 + Level 7.6 Stealth
 + Level 10.0 Shields
 + Level 7.6 Unarmed Combat
 + Level 7.6 Spellcasting
 + Level 6.3 Conjurations
 + Level 6.3 Hexes
 + Level 6.3 Charms
 + Level 6.3 Summonings
 + Level 6.3 Necromancy
 + Level 6.3 Translocations
 + Level 6.3 Transmutations
 + Level 6.3 Fire Magic
 + Level 6.3 Ice Magic
 + Level 6.3 Air Magic
 + Level 6.3 Earth Magic
 + Level 6.3 Poison Magic
 + Level 8.3 Invocations
 + Level 7.6 Evocations


You had 26 spell levels left.
You didn't know any spells.
Your spell library contained the following spells:

 Spells                   Type           Power        Failure   Level  Hunger
 Beastly Appendage        Tmut           ###...       4%          1    None
 Corona                   Hex            ###....      4%          1    None
 Ensorcelled Hibernation  Hex/Ice        ###...       7%          2    #......
 Sticks to Snakes         Tmut           ###.....     7%          2    #......
 Confuse                  Hex            ###.....     13%         3    ##.....
 Dazzling Spray           Conj/Hex       ###...       13%         3    ##.....
 Spider Form              Tmut/Pois      ###.......   13%         3    ##.....
 Tukima's Dance           Hex            ###.....     13%         3    ##.....
 Ice Form                 Ice/Tmut       ###.....     41%         4    ####...
 Blade Hands              Tmut           ###.......   77%         5    ######.


Dungeon Overview and Level Annotations

Branches:
Dungeon (9/15)             Temple (1/1) D:7            Lair (3/6) D:9
 Spider (0/4) Lair:3
  Swamp: Lair:2-4    Shoals: Lair:2-4       Orc: D:9-12

Altars:
Ashenzari
Cheibriados
Dithmenos
Elyvilon
Fedhas
Gozag
Hepliaklqana
Kikubaaqudgha
Makhleb
Nemelex Xobeh
Okawaru
Qazlal
Ru
Sif Muna
Trog
Uskayaw
Vehumet
Wu Jian
Xom
Yredelemnul
Zin
The Shining One

Annotations:
D:5 1 exclusion
Lair:3 exclusion: 5 oklob plants


Innate Abilities, Weirdness & Mutations

Your experience applies equally to all skills.
You have very sharp teeth.
Your uncanny sense of smell can sniff out nearby items.
You have a pair of small horns on your head.
You have supernaturally acute eyesight. (SInv)


Message History

k - a scroll of enchant armour The oklob plant spits acid at you.
You block the splash of acid. The oklob plant spits acid at you.
You block the splash of acid. The oklob plant spits acid at you.
The splash of acid hits you!
You are splashed with acid.
You see here a potion of heal wounds.
n - a potion of heal wounds The oklob plant spits acid at you.
The splash of acid hits you!
You are splashed with acid!
The oklob plant spits acid at you. The splash of acid hits you!
The acid corrodes you!
You are splashed with acid!
* * * LOW HITPOINT WARNING * * *
The oklob plant spits acid at you. The splash of acid hits you!
* * * LOW HITPOINT WARNING * * *
You are splashed with acid!
You die...
Your body crumbles into a pile of gold.

.....♣♣ #...#.#
♣....[♣ #....##
♣..(..♣ #...##
♣♣(..♣♣ #...##
♣♣♣♣♣ #$..(#
#.$###
#.#§§#######
#.#§§§§§P§P# ♣♣♣
#.§§§§§§@§.#
..♣♣♣
#.§.§P§§/§.#
♣♣..♣♣
#§§§§P§P$..#
♣♣.>♣
#§§§§P.[P)P#
♣♣♣♣
#§§§§#######
##§§### ##§§§#
#### ##.§§§###
##.###..§§§§.###


You could see 5 oklob plants.

Vanquished Creatures
  The ghost of Enliheo the Severer, a journeyman MiGl of Okawaru (Lair:2)
  A hydra (Lair:2)
  A spectral death yak (Lair:2)
  A spectral hydra (Lair:2)
  A lindwurm (Lair:3)
  3 black mambas
  3 elephants (Lair:3)
  6 spiny frogs
  3 komodo dragons
  2 jumping spiders (Lair:3)
  3 hornets (Lair:3)
  A polar bear (Lair:3)
  5 blink frogs (Lair:3)
  A spectral black mamba (Lair:2)
  A hippogriff (Lair:3)
  2 redbacks (Lair:3)
  12 spriggans (Lair:3)
  3 wyverns
  12 yaks
  Eustachio (D:4)
  A basilisk (Lair:3)
  A death yak simulacrum (Lair:2)
  Edmund (D:5)
  A hydra simulacrum (Lair:2)
  6 porcupines
  3 water moccasins
  2 black bears
  A hornet zombie (D:6)
  An ice beast (D:5)
  4 orc warriors
  3 sky beasts
  3 boggarts (Lair:3)
  A centaur (D:9)
  9 wolves
  6 crocodiles
  3 big kobolds
  7 bullfrogs
  3 scorpions
  A wyvern skeleton (D:4)
  A dream sheep simulacrum (Lair:2)
  2 howler monkeys
  An electric eel (Lair:1)
  3 crimson imps
  3 centaur zombies
  3 jellies
  2 quasits
  A bullfrog zombie (D:7)
  6 orc priests
  A bullfrog skeleton (D:6)
  A centaur skeleton (D:4)
  A gnoll shaman (D:5)
  4 hounds
  9 orc wizards
  9 iguanas
  6 worker ants
  Natasha (twice) (D:4)
  Ijyb (D:5)
  A hound skeleton (D:9)
  12 gnolls
  9 adders
  An ooze (D:5)
  An adder skeleton (D:9)
  4 worms
  4 dart slugs
  6 leopard geckos
  36 orcs
  9 giant cockroaches
  5 hobgoblins
  8 jackals
  25 kobolds
  4 quokkas
  8 bats
  2 frilled lizards
  10 goblins
  A leopard gecko skeleton (D:6)
  A leopard gecko zombie (D:7)
  A quokka skeleton (D:5)
  10 rats
  4 fungi (Lair:3)
338 creatures vanquished.

Vanquished Creatures (others)
  A hippogriff (Lair:3)
  A porcupine (Lair:3)
  2 fungi (Lair:3)
  10 plants
14 creatures vanquished.

Grand Total: 352 creatures vanquished

Notes
Turn   | Place    | Note
-------+----------+-------------------------------------------
     0 | D:1      | Lickle the Gnoll Fighter began the quest for the Orb.
     0 | D:1      | Reached XP level 1. HP: 23/23 MP: 1/1
    97 | D:1      | Reached XP level 2. HP: 27/29 MP: 2/2
   443 | D:2      | Reached XP level 3. HP: 34/35 MP: 3/3
   453 | D:2      | Reached skill level 1 in Invocations
   535 | D:2      | Found a sparkling altar of Nemelex Xobeh.
   552 | D:2      | Reached skill level 1 in Short Blades
   552 | D:2      | Reached skill level 1 in Long Blades
   552 | D:2      | Reached skill level 1 in Maces & Flails
   552 | D:2      | Reached skill level 1 in Polearms
   552 | D:2      | Reached skill level 1 in Staves
   552 | D:2      | Reached skill level 1 in Slings
   552 | D:2      | Reached skill level 1 in Bows
   552 | D:2      | Reached skill level 1 in Crossbows
   552 | D:2      | Reached skill level 1 in Throwing
   552 | D:2      | Reached skill level 1 in Dodging
   552 | D:2      | Reached skill level 1 in Stealth
   552 | D:2      | Reached skill level 1 in Unarmed Combat
   552 | D:2      | Reached skill level 1 in Spellcasting
   552 | D:2      | Reached skill level 1 in Evocations
   593 | D:2      | Found a shattered altar of Ashenzari.
   614 | D:2      | Reached XP level 4. HP: 41/41 MP: 5/5
   636 | D:2      | Reached skill level 1 in Conjurations
   636 | D:2      | Reached skill level 1 in Hexes
   636 | D:2      | Reached skill level 1 in Charms
   636 | D:2      | Reached skill level 1 in Summonings
   636 | D:2      | Reached skill level 1 in Necromancy
   636 | D:2      | Reached skill level 1 in Translocations
   636 | D:2      | Reached skill level 1 in Transmutations
   636 | D:2      | Reached skill level 1 in Fire Magic
   636 | D:2      | Reached skill level 1 in Ice Magic
   636 | D:2      | Reached skill level 1 in Air Magic
   636 | D:2      | Reached skill level 1 in Earth Magic
   636 | D:2      | Reached skill level 1 in Poison Magic
   993 | D:3      | Reached XP level 5. HP: 26/47 MP: 6/6
  1439 | D:3      | Found a glowing golden altar of the Shining One.
  1681 | D:4      | Reached XP level 6. HP: 37/53 MP: 8/8
  1832 | D:4      | Reached skill level 5 in Axes
  2079 | D:4      | Noticed Natasha
  2084 | D:4      | Killed Natasha
  2092 | D:4      | Noticed Natasha
  2101 | D:4      | Killed Natasha
  2108 | D:4      | Found a stormy altar of Qazlal.
  2310 | D:4      | Noticed Eustachio
  2321 | D:4      | Killed Eustachio
  2321 | D:4      | Reached XP level 7. HP: 52/60 MP: 10/10
  2403 | D:4      | Found a radiant altar of Vehumet.
  2437 | D:5      | Entered Level 5 of the Dungeon
  2512 | D:5      | Noticed Ijyb
  2520 | D:5      | Killed Ijyb
  3100 | D:5      | Reached XP level 8. HP: 67/67 MP: 12/12
  3124 | D:5      | Noticed Edmund
  3143 | D:5      | Killed Edmund
  3241 | D:5      | Found a shattered altar of Ashenzari.
  3296 | D:5      | Saw a vision of the Swamp and the Spider Nest.
  3296 | D:5      | Noticed a wolf spider
  3296 | D:5      | Noticed a redback
  3296 | D:5      | Noticed a wolf spider
  3296 | D:5      | Noticed a redback
  3296 | D:5      | Noticed a redback
  3296 | D:5      | Noticed a wolf spider
  3296 | D:5      | Noticed an alligator
  3296 | D:5      | Noticed an alligator
  3297 | D:5      | Noticed a redback
  3298 | D:5      | Noticed an alligator
  3760 | D:6      | Found an ornate altar of the Wu Jian Council.
  3950 | D:6      | Reached XP level 9. HP: 55/72 MP: 14/14
  4155 | D:6      | Got a faintly glowing war axe
  4156 | D:6      | Identified the +3 war axe "Ofulo" {venom, rElec rN+} (You
                  | found it on level 6 of the Dungeon)
  4325 | D:6      | Found a burning altar of Makhleb.
  4543 | D:7      | Found a staircase to the Ecumenical Temple.
  4860 | D:7      | Found a hazy altar of Hepliaklqana.
  5490 | Temple   | Entered the Ecumenical Temple
  5691 | Temple   | Became a worshipper of Gozag Ym Sagoz the Greedy
  5950 | D:8      | Reached skill level 5 in Invocations
  5956 | D:8      | Found a hide-covered altar of Uskayaw.
  6106 | D:8      | Found a sacrificial altar of Ru.
  6425 | D:8      | Reached XP level 10. HP: 80/80 MP: 17/17
  6615 | D:9      | Found a staircase to the Lair.
  6764 | D:9      | Reached skill level 5 in Short Blades
  6764 | D:9      | Reached skill level 5 in Long Blades
  6764 | D:9      | Reached skill level 5 in Maces & Flails
  6764 | D:9      | Reached skill level 5 in Polearms
  6764 | D:9      | Reached skill level 5 in Staves
  6764 | D:9      | Reached skill level 5 in Slings
  6764 | D:9      | Reached skill level 5 in Bows
  6764 | D:9      | Reached skill level 5 in Crossbows
  6764 | D:9      | Reached skill level 5 in Throwing
  6764 | D:9      | Reached skill level 5 in Dodging
  6764 | D:9      | Reached skill level 5 in Stealth
  6764 | D:9      | Reached skill level 5 in Unarmed Combat
  6764 | D:9      | Reached skill level 5 in Spellcasting
  6764 | D:9      | Reached skill level 5 in Evocations
  6912 | D:9      | Found a bloodstained altar of Trog.
  7024 | D:9      | Gained mutation: You have a pair of small horns on your
                  | head. [potion of mutation]
  7024 | D:9      | Gained mutation: You have supernaturally acute eyesight.
                  | (SInv) [potion of mutation]
  7033 | Lair:1   | Entered Level 1 of the Lair of Beasts
  7132 | Lair:1   | Noticed a black mamba
  7143 | Lair:1   | Killed a black mamba
  7159 | Lair:1   | Noticed a spiny frog
  7165 | Lair:1   | Killed a spiny frog
  7335 | Lair:1   | Noticed a spiny frog
  7351 | Lair:1   | Killed a spiny frog
  7886 | Lair:2   | Noticed a spiny frog
  7894 | Lair:2   | Killed a spiny frog
  7894 | Lair:2   | Reached XP level 11. HP: 87/87 MP: 19/19
  8082 | Lair:2   | Got a shimmering halberd
  8362 | Lair:2   | Noticed a six-headed hydra
  8369 | Lair:2   | Killed a ten-headed hydra
  8369 | Lair:2   | Reached skill level 5 in Conjurations
  8369 | Lair:2   | Reached skill level 5 in Hexes
  8369 | Lair:2   | Reached skill level 5 in Charms
  8369 | Lair:2   | Reached skill level 5 in Summonings
  8369 | Lair:2   | Reached skill level 5 in Necromancy
  8369 | Lair:2   | Reached skill level 5 in Translocations
  8369 | Lair:2   | Reached skill level 5 in Transmutations
  8369 | Lair:2   | Reached skill level 5 in Fire Magic
  8369 | Lair:2   | Reached skill level 5 in Ice Magic
  8369 | Lair:2   | Reached skill level 5 in Air Magic
  8369 | Lair:2   | Reached skill level 5 in Earth Magic
  8369 | Lair:2   | Reached skill level 5 in Poison Magic
  8683 | Lair:2   | Found a runed translucent gate.
  8683 | Lair:2   | Found a runed translucent gate.
  8683 | Lair:2   | Found a runed translucent gate.
  8683 | Lair:2   | Noticed Enliheo's ghost (journeyman MiGl)
  8684 | Lair:2   | Noticed a spectral death yak
  9030 | Lair:2   | Killed a spectral death yak
  9133 | Lair:2   | Killed Enliheo's ghost
  9541 | Lair:2   | Identified the +7 halberd of Qazlal's Generosity {freeze,
                  | rElec Str+3} (You found it on level 2 of the Lair of
                  | Beasts)
 10393 | Lair:3   | Reached XP level 12. HP: 81/96 MP: 18/22
 10965 | Lair:3   | Noticed a spriggan rider
 11185 | Lair:3   | Noticed a spriggan rider
 11516 | Lair:3   | Noticed a spriggan rider
 11525 | Lair:3   | Killed a spriggan rider
 11822 | Lair:3   | Found a hole to the Spider Nest.
 11903 | Lair:3   | Reached skill level 10 in Fighting
 11903 | Lair:3   | Reached skill level 10 in Armour
 11903 | Lair:3   | Reached skill level 10 in Shields
 13234 | Lair:3   | Splashed by an oklob plant's acid

Skill      XL: |  1  2  3  4  5  6  7  8  9 10 11 12 |
---------------+-------------------------------------+-----
Invocations    | 1 2 3 4 5 6 7 8 |  8.3
Short Blades   | 1 2 3 4 5 6 7 |  7.6
Long Blades    | 1 2 3 4 5 6 7 |  7.6
Maces & Flails | 1 2 3 4 5 6 7 |  7.6
Polearms       | 1 2 3 4 5 6 7 |  7.6
Staves         | 1 2 3 4 5 6 7 |  7.6
Slings         | 1 2 3 4 5 6 7 |  7.6
Bows           | 1 2 3 4 5 6 7 |  7.6
Crossbows      | 1 2 3 4 5 6 7 |  7.6
Throwing       | 1 2 3 4 5 6 7 |  7.6
Dodging        | 1 2 3 4 5 6 7 |  7.6
Stealth        | 1 2 3 4 5 6 7 |  7.6
Unarmed Combat | 1 2 3 4 5 6 7 |  7.6
Spellcasting   | 1 2 3 4 5 6 7 |  7.6
Evocations     | 1 2 3 4 5 6 7 |  7.6
Conjurations   | 1 2 3 4 5 6 |  6.3
Hexes          | 1 2 3 4 5 6 |  6.3
Charms         | 1 2 3 4 5 6 |  6.3
Summonings     | 1 2 3 4 5 6 |  6.3
Necromancy     | 1 2 3 4 5 6 |  6.3
Translocations | 1 2 3 4 5 6 |  6.3
Transmutations | 1 2 3 4 5 6 |  6.3
Fire Magic     | 1 2 3 4 5 6 |  6.3
Ice Magic      | 1 2 3 4 5 6 |  6.3
Air Magic      | 1 2 3 4 5 6 |  6.3
Earth Magic    | 1 2 3 4 5 6 |  6.3
Poison Magic   | 1 2 3 4 5 6 |  6.3
Axes           | 5 6 7 8 9 |  9.0
Fighting       | 7 8 9 10 | 10.0
Armour         | 7 8 9 10 | 10.0
Shields        | 7 8 9 10 | 10.0

Action                   |  1- 3 |  4- 6 |  7- 9 | 10-12 || total
-------------------------+-------+-------+-------+-------++-------
Melee: War axe           |    77 |   167 |   395 |   432 ||  1071
       Bite              |     7 |    28 |    58 |    67 ||   160
       Headbutt          |       |       |       |   127 ||   127
       Halberd           |       |       |       |    18 ||    18
Evoke: Wand              |       |       |       |    40 ||    40
  Use: Scroll            |       |    10 |     8 |    12 ||    30
       Potion            |       |     2 |     6 |    12 ||    20
 Stab: Distracted        |       |       |     3 |     3 ||     6
       Sleeping          |       |       |     1 |     4 ||     5
  Eat: Chunk             |       |     4 |     1 |       ||     5
       Ration            |       |       |     4 |     7 ||    11
Armor: Scale mail        |    40 |    70 |   124 |   127 ||   361
Dodge: Dodged            |    30 |    55 |   145 |   319 ||   549
Block: Shield            |    46 |   109 |   196 |   330 ||   681
